 Dungeon Crawl Stone Soup version 0.27-a0-1193-g8631133539 (webtiles) character file.

Game seed: 17006436340455582510

137 eXtarkYa the Ruffian (level 5, -5/53 HPs)
             Began as a Troll Berserker on May 25, 2021.
             Was a Believer of Trog.
             Blown up by Pikel (31 damage)
             ... with a mindburst bolt
             ... on level 4 of the Dungeon.
             The game lasted 00:07:09 (2431 turns).

eXtarkYa the Ruffian (Troll Berserker)              Turns: 2431, Time: 00:07:10

Health: -5/53      AC:  5    Str: 26    XL:     5   Next: 0%
Magic:  4/4        EV: 10    Int:  3    God:    Trog [**....]
Gold:   101        SH:  0    Dex:  9    Spells: 4/4 levels left

rFire    . . .     SeeInvis .     - Unarmed
rCold    . . .     Faith    .   (no shield)
rNeg     . . .     Spirit   .   a - +0 animal skin
rPois    .         Reflect  .   (helmet restricted)
rElec    .         Harm     .   j - +0 cloak
rCorr    .         Rampage  .   (gloves unavailable)
Will     .....                  (boots unavailable)
Stlth    +.........             (no amulet)
HPRegen  1.17/turn              (no ring)
MPRegen  0.09/turn              (no ring)

@: no status effects
A: large, unfitting armour, claws 3, regeneration 1, shaggy fur 1, tough skin 1
a: Renounce Religion, Berserk, Trog's Hand


You were on level 4 of the Dungeon.
You worshipped Trog.
Trog was pleased with you.
You visited 1 branch of the dungeon, and saw 4 of its levels.

You collected 101 gold pieces.

Inventory:

Missiles
 c - 59 stones (quivered)
 p - a throwing net
Armour
 a - a +0 animal skin (worn)
 j - a +0 cloak (worn)
Scrolls
 b - 4 scrolls of identify {unknown}
 d - a scroll of enchant armour {unknown}
 f - 3 scrolls of noise {unknown}
 h - a scroll of brand weapon {unknown}
 i - a scroll of blinking {unknown}
 k - a scroll of fog {unknown}
 m - a scroll of amnesia {unknown}
Potions
 e - a potion of invisibility {unknown}
 g - a potion of heal wounds
 l - a potion of attraction {unknown}
 n - a potion of berserk rage {unknown}
 o - a potion of degeneration {unknown}


   Skills:
 + Level 3.0 Fighting
 + Level 3.1 Dodging
 + Level 0.1 Stealth
 + Level 4.5 Unarmed Combat


You had 4 spell levels left.
You didn't know any spells.
Your spell library was empty.

Dungeon Overview and Level Annotations

Branches:
Dungeon (4/15)
 Temple: D:4-7

Altars:

Shops:
D:2 [

Annotations:
D:4 Pikel


Innate Abilities, Weirdness & Mutations

You are too large for most types of armour.
You have claws for hands.
Your natural rate of healing is unusually fast.
You are covered in fur. (AC +1)
You have tough skin. (AC +1)


Message History

You claw Pikel!
Pikel is heavily wounded.
Pikel hits you with a +2 whip of freezing.
Pikel freezes you.
You scratch Pikel.
Pikel is heavily wounded.
Pikel hits you with a +2 whip of freezing!
Pikel freezes you.
You barely miss Pikel.
Pikel is heavily wounded.
Pikel barely misses you.
You scratch Pikel.
Pikel is heavily wounded.
Pikel zaps a wand.
Your mind is blasted!
* * * LOW HITPOINT WARNING * * *
It was a potion of heal wounds.
You feel much better.
Pikel zaps a wand.
Your mind is blasted!
You closely miss Pikel.
Pikel is heavily wounded.
Pikel hits you with a +2 whip of freezing.
Pikel freezes you.
A lemure comes into view.
You closely miss Pikel.
Pikel is heavily wounded.
The lemure shouts!
You scratch Pikel.
Pikel is heavily wounded.
Pikel hits you with a +2 whip of freezing.
Pikel freezes you.
* * * LOW HITPOINT WARNING * * *
You scratch Pikel but do no damage.
Pikel is heavily wounded.
Pikel zaps a wand.
Your mind is blasted!
* * * LOW HITPOINT WARNING * * *
You scratch Pikel but do no damage.
Pikel is heavily wounded.
Pikel misses you.
You feel much better.
Pikel zaps a wand.
Your mind is blasted!
Ouch! That really hurt!
You die...

#.########†######
#.......##.......
#..####.##..#####
#..# #.##..# ##
.######.#
#.##..#####
.<........#
#..........
#..#####.#
####..#####
#(.#####.#######..#
#.555K@............#
#.##############..##
#.## #.. ###


You could see Pikel and 3 lemures.

Vanquished Creatures
  A lemure (D:4)
  A hound (D:4)
  3 gnolls (D:4)
  An adder (D:3)
  A worm (D:3)
  2 dart slugs (D:1)
  4 orcs
  6 ball pythons
  9 endoplasms
  3 goblins
  6 hobgoblins
  3 jackals (D:2)
  9 kobolds
  A quokka (D:3)
  4 bats
  2 frilled lizards
  4 rats
60 creatures vanquished.

Notes
Turn   | Place    | Note
-------+----------+-------------------------------------------
     0 | D:1      | eXtarkYa the Troll Berserker began the quest for the Orb.
     0 | D:1      | Reached XP level 1. HP: 22/22 MP: 0/0
   188 | D:1      | Reached XP level 2. HP: 29/29 MP: 1/1
   863 | D:2      | Found Guif's Antique Armour Shop.
   882 | D:2      | Reached XP level 3. HP: 33/36 MP: 2/2
   916 | D:2      | Reached ** piety under Trog
  1607 | D:3      | Reached XP level 4. HP: 43/44 MP: 3/3
  1901 | D:3      | Reached skill level 4 in Unarmed Combat
  2376 | D:4      | Reached XP level 5. HP: 53/53 MP: 4/4
  2406 | D:4      | Noticed a lemure
  2407 | D:4      | Noticed Pikel
  2410 | D:4      | Noticed a lemure
  2417 | D:4      | Killed a lemure
  2420 | D:4      | Noticed a lemure
  2426 | D:4      | Noticed a lemure
  2431 | D:4      | Blown up by Pikel

Illustrated notes

Levels and vault maps discovered:
D:1:      dpeg_arrival_concentric_ovals, layout_basic
D:2:      layout_basic, serial_shops, shop
D:3:      layout_loops_ring, kennysheep_cluttered_room,
          kennysheep_generic_room_3
D:4:      layout_loops_ring, uniq_pikel

Skill      XL: |  1  2  3  4 |
---------------+-------------+-----
Dodging        | 3 |  3.1
Unarmed Combat | 4 |  4.5
Fighting       | 3 |  3.0
Stealth        | |  0.1

Action                   |  1- 3 |  4- 6 || total
-------------------------+-------+-------++-------
Melee: Unarmed           |   107 |    47 ||   154
Throw: Stone             |       |    22 ||    22
  Use: Potion            |       |     2 ||     2
Armor: Animal skin       |    36 |    11 ||    47
Dodge: Dodged            |    63 |    20 ||    83

Table legend: (Time is in decaauts)
 A = Elapsed time spent in this place.
 B = Non-inter-level travel time spent in this place.
 C = Inter-level travel time spent in this place.
 D = Time resting spent in this place.
 E = Time spent auto-exploring this place.
 F = Levels seen in this place.
 G = Mean time per level.
                   A        B        C        D        E       F      G
               +--------+--------+--------+--------+--------+-----+--------+
         Total |   2421 |   2382 |     39 |      0 |   1750 |   4 |  605.2 |
       Dungeon |   2421 |   2382 |     39 |      0 |   1750 |   4 |  605.2 |
               +--------+--------+--------+--------+--------+-----+--------+

Top non-repeatable levels by time:
     D:3: 737 daAuts
     D:1: 720 daAuts
     D:2: 542 daAuts
     D:4: 421 daAuts
